 Dungeon Crawl Stone Soup version 0.29.1-4-g47bece8355 (webtiles) character file.

Game seed: 6045779631166673322

743 KittyFluff the Cudgeller (level 7, -7/44 HPs)
             Began as a Gargoyle Berserker on Dec 1, 2022.
             Was a Priest of Trog.
             Mangled by Sigmund
             ... wielding a +0 scythe
              (8 damage)
             ... on level 6 of the Dungeon.
             The game lasted 00:25:34 (5751 turns).

KittyFluff the Cudgeller (Gargoyle Berserker)       Turns: 5751, Time: 00:25:34

Health: -7/44      AC: 10    Str: 21    XL:     7   Next: 76%
Magic:  7/7        EV: 12    Int:  7    God:    Trog [***...]
Gold:   373        SH:  0    Dex: 11    Spells: 6/6 levels left

rFire   . . .      SeeInvis .   a - +0 mace
rCold   . . .      Faith    .   (no shield)
rNeg    + . .      Spirit   .   B - +2 robe
rPois   ∞          Reflect  .   s - +0 hat
rElec   +          Harm     .   (no cloak)
rCorr   .          Rampage  .   v - +0 pair of gloves
Will    .....                   (no boots)
Stlth   +.........              o - amulet of the acrobat
HPRegen 0.14/turn               (no ring)
MPRegen 0.10/turn               (no ring)

@: confused, on berserk cooldown, slowed, very slow
A: sickness immunity, AC +4, negative energy resistance 1, electricity
resistance, torment resistance 1, petrification resistance
a: Renounce Religion, Berserk, Trog's Hand


You were on level 6 of the Dungeon.
You worshipped Trog.
Trog was most pleased with you.
You visited 1 branch of the dungeon, and saw 6 of its levels.

You collected 381 gold pieces.
You spent 8 gold pieces at shops.

Inventory:

Hand Weapons
 a - a +0 mace (weapon)
 k - a +0 sling
 u - a +0 morningstar
Missiles
 c - 4 curare-tipped darts
 h - 25 stones (quivered)
 t - 19 poisoned darts
Armour
 p - a +0 leather armour
 s - a +0 hat (worn)
 v - a +0 pair of gloves (worn)
 z - a +2 chain mail of poison resistance
 B - a +2 robe (worn)
Magical Staves
 e - a staff of conjuration
Jewellery
 o - an amulet of the acrobat (around neck)
 x - a ring of magical power
Wands
 A - a wand of flame (1)
 D - a wand of mindburst (19)
 F - a wand of paralysis (5)
Scrolls
 b - 2 scrolls of brand weapon {unknown}
 d - a scroll of acquirement {unknown}
 f - 2 scrolls of amnesia {unknown}
 j - a scroll of enchant weapon {unknown}
 l - a scroll of teleportation {unknown}
 w - a scroll of fog {unknown}
 y - a scroll of blinking {unknown}
 E - 2 scrolls of noise {unknown}
Potions
 g - a potion of cancellation
 i - a potion of might
 m - 2 potions of heal wounds
 n - 2 potions of attraction {unknown}
 q - a potion of lignification {unknown}
 r - a potion of curing {unknown}
 C - a potion of invisibility {unknown}


   Skills:
 + Level 4.8 Fighting
 + Level 5.9 Maces & Flails
 * Level 4.5 Armour
 + Level 3.2 Dodging
 + Level 2.6 Stealth


You had 6 spell levels left.
You didn't know any spells.
Your spell library was empty.

Dungeon Overview and Level Annotations

Branches:
Dungeon (6/15)             Temple (0/1) D:5

Altars:
Cheibriados
Okawaru
Qazlal
Ru
Trog

Shops:
D:4 *

Annotations:
D:6 Sigmund


Innate Abilities, Weirdness & Mutations

You are immune to sickness and miasma.
Your stone body is resilient. (AC +4)
You are immune to poison.
You resist negative energy. (rN+)
You are resistant to electric shocks. (rElec)
You are resistant to unholy torment.
You are immune to petrification.


Message History

You feel a strong urge to attack something.
Something hits you but does no damage.
The centaur unwields a +0 shortbow.
The centaur hits you but does no damage.
The centaur misses you.
Things that are here:
a +0 short sword; a +1 whip of venom You sock the centaur!
The centaur is heavily wounded.
The centaur hits you but does no damage.
The centaur barely misses you.
You barely miss the centaur.
The centaur is heavily wounded.
Something hits you!
* * * LOW HITPOINT WARNING * * *
The centaur hits you.
* * * LOW HITPOINT WARNING * * *
The centaur kicks you but does no damage.
You barely miss the centaur.
The centaur is heavily wounded.
The centaur completely misses you.
The centaur kicks you but does no damage.
You sock the centaur!
You kill the centaur!
Trog accepts your kill. Something hits you.
* * * LOW HITPOINT WARNING * * *
Items here: )) [ †.
You miss something.
You hear some strange, mumbled words.
You are confused.
You hit something. Something hits you.
* * * LOW HITPOINT WARNING * * *
You sock something!
You are no longer berserk.
You are exhausted.
You feel yourself slow down.
You bump into the rock wall.
Something hits you.
* * * LOW HITPOINT WARNING * * *
You bump into the rock wall.
Something hits you!
You die...

#.....# #.....#
#######.....+##
#..............
#..............
#............
#......n..# #{# #@#
#)# #.# #.# #.#
####+########.#
#.............#
#.....^.......#
#.............#####


You could see a necrophage.

Vanquished Creatures
  A black bear (D:5)
  A centaur (D:6)
  Blork the orc (D:5)
  2 scorpions
  A howler monkey (D:4)
  A hound (D:6)
  An iron imp (D:5)
  An iguana (D:5)
  2 orc wizards
  Terence (D:3)
  7 adders
  A white imp (D:6)
  An ufetubus (D:6)
  A worm (D:3)
  7 dart slugs (D:4)
  15 orcs
  5 ball pythons
  6 endoplasms
  3 giant cockroaches
  5 goblins
  4 hobgoblins
  4 jackals (D:1)
  6 kobolds
  7 quokkas
  7 bats
  2 frilled lizards
  5 rats
98 creatures vanquished.

Vanquished Creatures (others)
  A wizard (D:6)
1 creature vanquished.

Grand Total: 99 creatures vanquished

Notes
Turn   | Place    | Note
-------+----------+-------------------------------------------
     0 | D:1      | KittyFluff the Gargoyle Berserker began the quest for the
                  | Orb.
     0 | D:1      | Reached XP level 1. HP: 14/14 MP: 1/1
   152 | D:1      | Found a faded altar of an unknown god.
   157 | D:1      | Reached XP level 2. HP: 15/19 MP: 2/2
   300 | D:1      | Upgraded the game from 0.29.1-2-gbd0b4ee654 to
                  | 0.29.1-4-g47bece8355
   604 | D:1      | Reached XP level 3. HP: 23/24 MP: 3/3
  1121 | D:2      | Reached ** piety under Trog
  2066 | D:3      | Reached XP level 4. HP: 27/29 MP: 4/4
  2392 | D:3      | Noticed Terence
  2407 | D:3      | Killed Terence
  2408 | D:3      | Reached skill level 4 in Maces & Flails
  2408 | D:3      | Reached skill level 1 in Stealth
  2759 | D:3      | Found a sacrificial altar of Ru.
  2948 | D:3      | Reached XP level 5. HP: 25/33 MP: 5/5
  3262 | D:4      | Found a stormy altar of Qazlal.
  3264 | D:4      | Noticed a fire elemental
  3265 | D:4      | Noticed an air elemental
  3265 | D:4      | Noticed a water elemental
  3472 | D:4      | Reached XP level 6. HP: 29/38 MP: 6/6
  3870 | D:4      | Found Teifaj's Elemental Accessories.
  3919 | D:4      | Bought a wand of flame (1) for 8 gold pieces
  4102 | D:5      | Entered Level 5 of the Dungeon
  4173 | D:5      | Reached skill level 5 in Maces & Flails
  4338 | D:5      | Reached *** piety under Trog
  4418 | D:5      | Noticed Blork the orc
  4429 | D:5      | Killed Blork the orc
  4430 | D:5      | Reached XP level 7. HP: 16/44 MP: 7/7
  5351 | D:5      | Found a staircase to the Ecumenical Temple.
  5400 | D:5      | Found a snail-covered altar of Cheibriados.
  5550 | D:6      | Found an iron altar of Okawaru.
  5645 | D:6      | Found a bloodstained altar of Trog.
  5648 | D:6      | Noticed a wizard
  5653 | D:6      | Killed a wizard
  5724 | D:6      | Noticed Sigmund
  5750 | D:6      | HP: 1/44 [something (5)]
  5751 | D:6      | Mangled by Sigmund

Illustrated notes

Levels and vault maps discovered:
D:1:      onia_arrival_handbag, layout_loops_corners,
          hellmonk_ecumenical_altar_dog_temple
D:2:      layout_loops_corners, dreamdust_wishing_well
D:3:      layout_basic, nicolae_ru_great_annihilating_truth,
          nrook_loot_triangle, uniq_terence
D:4:      kennysheep_slugbush, layout_basic, nicolae_qazlal_style_of_elements,
          nicolae_elemental_shop
D:5:      layout_loops_corners, slow_altar_2, minmay_temple_entry_nine_rooms,
          nicolae_underground_beach, uniq_blork_the_orc
D:6:      cheibrodos_barr_body, layout_basic, trog_wizard,
          okawaru_ov_weapons_minmay, nemelex_dance_club_becter,
          roderic_st_hans_cross, uniq_sigmund

Skill      XL: |  1  2  3  4  5  6  7 |
---------------+----------------------+-----
Dodging        | 2 3 |  3.2
Maces & Flails | 4 5 |  5.9
Stealth        | 1 2 |  2.6
Armour         | 3 4 |  4.5
Fighting       | 4 |  4.8

Action                   |  1- 3 |  4- 6 |  7- 9 || total
-------------------------+-------+-------+-------++-------
Melee: Mace              |   109 |   175 |    81 ||   365
       Punch             |     1 |       |       ||     1
Throw: Stone             |       |       |     2 ||     2
Invok: Berserk           |       |     3 |     1 ||     4
  Use: Scroll            |       |     3 |       ||     3
       Potion            |       |     1 |       ||     1
 Stab: Sleeping          |     3 |       |     1 ||     4
       Invisible         |       |     2 |       ||     2
       Paralysed         |       |     2 |       ||     2
Armor: Animal skin       |    35 |    15 |       ||    50
       Leather armour    |       |    73 |       ||    73
       Robe              |       |       |    54 ||    54
Dodge: Dodged            |    77 |   134 |    63 ||   274
